 Dungeon Crawl Stone Soup version 0.30.1-11-g7821555f0a (webtiles) character file.

Game seed: 10021533588068339063

4 KyoPewz the Vexing (level 1, 0/7 HPs)
             Began as a Felid Enchanter on Oct 31, 2023.
             Slain by a kobold
             ... wielding a +0 short sword
              (4 damage)
             ... on level 1 of the Dungeon.
             The game lasted 00:00:20 (156 turns).

KyoPewz the Vexing (Felid Enchanter)                 Turns: 156, Time: 00:00:21

Health: 0/7        AC:  1    Str:  4    XL:     1   Next: 50%
Magic:  4/4        EV: 17    Int: 16    God:
Gold:   16         SH:  0    Dex: 16    Spells: 4/4 levels left
                                        Lives:  0   Deaths: 0

rFire   . .          .
                       - Unarmed
rCold   . . .        (shield unavailable)
rNeg    . . .        (body armour unavailable)
rPois   .            (helmet unavailable)
rElec   .            (cloak unavailable)
rCorr   .            (gloves unavailable)
SInv    +            (boots unavailable)
Will    .....        (no amulet)
Stlth   +++          (no ring)
HPRegen 0.21/turn    (no ring)
MPRegen 0.09/turn

%: no passive effects
@: quick
A: very small, claws 1, fangs 3, see invisible, speed 1, shaggy fur 1, stealthy
paws, no weapons or thrown items, no armour, multi-lived
a: no special abilities


You were on level 1 of the Dungeon.
You visited 1 branch of the dungeon, and saw 1 of its levels.

You collected 16 gold pieces.

Inventory:

Scrolls
 b - a scroll of enchant armour {unknown}
Potions
 a - 2 potions of invisibility


   Skills:
 + Level 0.2 Fighting
 + Level 2.8 Dodging
 + Level 4.1 Stealth
 + Level 1.1 Unarmed Combat
 - Level 2.0 Spellcasting
 + Level 4.5 Hexes


You had 4 spell levels left.
You didn't know any spells.
Your spell library contained the following spells:

 Spells                   Type           Power      Damage    Failure   Level
 Confusing Touch          Hex            16%        N/A       10%         3
 Tukima's Dance           Hex            16%        N/A       10%         3
 Ensorcelled Hibernation  Hex/Ice        16%        N/A       12%         2
 Dazzling Flash           Conj/Hex       16%        N/A       24%         3


Dungeon Overview and Level Annotations

Branches:
Dungeon (1/15)

Altars:


Innate Abilities, Weirdness & Mutations

You have sharp claws.
You have razor-sharp teeth.
You have supernaturally acute eyesight. (SInv)
You cover ground quickly. (Speed+)
You are covered in fur. (AC +1)
Your paws help you pounce on unaware monsters.
You are incapable of wielding weapons or throwing items.
You cannot wear armour.
You gain extra lives every three experience levels.


Message History

The kobold is moderately wounded.
The kobold misses you.
You scratch the kobold.
You kill the kobold!
The bat hits you but does no damage.
You scratch the bat.
You kill the bat!
No target in view!
No target in view!
Things that are here:
a +0 dagger; a kobold corpse You open the door.
There is an open door here.
Found a stone staircase leading down.
There is a stone staircase leading down here.
A frilled lizard comes into view.
The frilled lizard hisses angrily.
A frilled lizard is nearby!
A goblin comes into view. It is wielding a +0 club.
You scratch the frilled lizard.
You kill the frilled lizard!
You pounce on the unaware helpless goblin!
You claw the goblin!
You kill the goblin!
No target in view!
You open the door.
There is an open door here.
b - a scroll labelled ZAMUSA GUPNIUMM A kobold comes into view.
It is wielding a +0 short sword.
Found a stone staircase leading down.
A quokka comes into view.
The kobold hits you with a +0 short sword.
You take 2 damage, and have 5/7 hp.
MASSIVE DAMAGE!!
You miss the kobold.
The kobold hits you with a +0 short sword.
You take 1 damage, and have 4/7 hp.
You barely miss the kobold.
The kobold hits you with a +0 short sword.
Ouch! That really hurt!
You die...

#..# .. ..>####.
#.r#... #..... #....
#... #.K# #.@# # #$.#
..... # ####.#..###
..... # ..........+
..... # ####.##..##
.... # ..........#
...######
####.##...##
####......
#......##.##..#......
####...#......'......


You could see a quokka and a kobold.

Vanquished Creatures
  An endoplasm (D:1)
  A bat (D:1)
  A frilled lizard (D:1)
  A goblin (D:1)
  A kobold (D:1)
5 creatures vanquished.

Notes
Turn   | Place    | Note
-------+----------+-------------------------------------------
     0 | D:1      | KyoPewz the Felid Enchanter began the quest for the Orb.
     0 | D:1      | Reached XP level 1. HP: 7/7 MP: 4/4
   156 | D:1      | Slain by a kobold

Illustrated notes

Levels and vault maps discovered:
D:1:      dpeg_arrival_ratfight, layout_basic,
          hellmonk_ecumenical_altar_lost_god

Action                     || total
---------------------------++-------
  Melee: Unarmed           ||    11
         Bite              ||     1
   Stab: Sleeping          ||     1
 Armour: Skin              ||     1
  Dodge: Dodged            ||     2
